PBL
MIAMI BEACH MARLINS @ VICTORIA CAPITALS
09/27/2049
 
TOP OF THE 1ST
Miami Beach Marlins batting - Pitching for Victoria Capitals : RHP Jae-chun Jung
Pitching: RHP Jae-chun Jung
Batting: RHB Bill Atley 0-0: Called Strike
0-1: Called Strike
0-2: Ball
1-2: Ball
2-2: Ball
3-2: Foul Ball, location: 2F
3-2: Ground out 4-3 (Groundball, 4S, EV 63.1 MPH)
Batting: LHB Henry Huezo 0-0: Swinging Strike
0-1: Ball
1-1: Foul Ball, location: 2F
1-2: Foul Ball, location: 2F
1-2: Foul Ball, location: 2F
1-2: Ball
2-2: Foul Ball, location: 2F
2-2: Strikes out swinging
Batting: RHB Melvin Nava 0-0: Swinging Strike
0-1: Ball
1-1: Ball
2-1: Ball
3-1: SINGLE (Groundball, 6MD, EV 100.0 MPH)
Batting: SHB Emmet Brickowski 0-0: Ball
1-0: Foul Ball, location: 2F
1-1: Ball
2-1: Fly out, F7 (Line Drive, 7LS, EV 91.2 MPH)
Top of the 1st over - 0 runs, 1 hit, 0 errors, 1 left on base; Miami Beach 0 - Victoria 0
BOTTOM OF THE 1ST
Victoria Capitals batting - Pitching for Miami Beach Marlins : RHP Todd Huber
Pitching: RHP Todd Huber
Batting: RHB Mike Reynolds 0-0: Ball
1-0: Called Strike
1-1: Ball
2-1: Ground out 3-1 (Groundball, 34, EV 111.2 MPH)
Batting: RHB Antonio Arechiga 0-0: Fly out, F4 (Popup, 34, EV 53.1 MPH)
Batting: LHB Jason Cary 0-0: Called Strike
0-1: Ball
1-1: Ball
2-1: Foul Ball, location: 2F
2-2: Foul Ball, location: 2F
2-2: Foul Ball, location: 2F
2-2: Ball
3-2: SOLO HOME RUN (Flyball, 7LD, EV 96.9 MPH), Distance : 385 ft
Batting: RHB Hyeon-cheong Lee 0-0: SINGLE (Groundball, 6MD, EV 105.0 MPH)
Batting: LHB Willard Balcome 0-0: Called Strike
0-1: Called Strike
0-2: Ball
1-2: Ball
2-2: Ball
3-2: Strikes out swinging
Bottom of the 1st over - 1 run, 2 hits, 0 errors, 1 left on base; Miami Beach 0 - Victoria 1
TOP OF THE 2ND
Miami Beach Marlins batting - Pitching for Victoria Capitals : RHP Jae-chun Jung
Batting: RHB Orlando Melendres 0-0: Called Strike
0-1: Ball
1-1: Ball
2-1: Swinging Strike
2-2: Foul Ball, location: 2F
2-2: Ball
3-2: Foul Ball, location: 2F
3-2: Base on Balls
Batting: RHB Jim Smallwood 0-0: Called Strike
0-1: Ball
1-1: Foul Ball, location: 2F
1-2: Grounds into double play, 5-4-3 (Groundball, 5, EV 81.9 MPH)
Batting: RHB Timo Myers 0-0: Ball
1-0: Called Strike
1-1: Ball
2-1: Called Strike
2-2: Ball
3-2: Base on Balls
Batting: RHB Dustin Baker 0-0: Fly out, F7 (Flyball, 7, EV 87.5 MPH)
Top of the 2nd over - 0 runs, 0 hits, 0 errors, 1 left on base; Miami Beach 0 - Victoria 1
BOTTOM OF THE 2ND
Victoria Capitals batting - Pitching for Miami Beach Marlins : RHP Todd Huber
Batting: SHB Rich Roberts 0-0: Ball
1-0: Ball
2-0: Ball
3-0: Base on Balls
Batting: LHB Mike Jones 0-0: Called Strike
0-1: Fielders Choice at 2nd, 4-6 (Groundball, 34, EV 91.2 MPH)
Batting: RHB Ray Wathey 0-0: Ball
1-0: Ball
2-0: Grounds into double play, 5-4-3 (Groundball, 5L, EV 83.8 MPH)
Bottom of the 2nd over - 0 runs, 0 hits, 0 errors, 0 left on base; Miami Beach 0 - Victoria 1
TOP OF THE 3RD
Miami Beach Marlins batting - Pitching for Victoria Capitals : RHP Jae-chun Jung
Batting: RHB Mike Day 0-0: Fly out, F7 (Flyball, 78D, EV 86.9 MPH)
Batting: RHB Bill Atley 0-0: Ball
1-0: DOUBLE (Line Drive, 89D, EV 98.1 MPH)
Batting: LHB Henry Huezo 0-0: Ball
1-0: Called Strike
1-1: Ball
2-1: Swinging Strike
2-2: Ball
3-2: Strikes out swinging
Batting: RHB Melvin Nava 0-0: Ball
1-0: Called Strike
1-1: Ball
2-1: Foul Ball, location: 2F
2-2: Foul Ball, location: 2F
2-2: Ball
3-2: Base on Balls
Batting: SHB Emmet Brickowski 0-0: Called Strike
0-1: Foul Ball, location: 2F
0-2: Ball
1-2: Ball
2-2: SINGLE (Line Drive, 89S, EV 93.1 MPH)
Bill Atley to third
Melvin Nava to second
Runner from 3rd tries for Home, throw by RF and OUT! 9-2
Top of the 3rd over - 0 runs, 2 hits, 0 errors, 2 left on base; Miami Beach 0 - Victoria 1
BOTTOM OF THE 3RD
Victoria Capitals batting - Pitching for Miami Beach Marlins : RHP Todd Huber
Batting: RHB Kyung-hwan Lee 0-0: Ball
1-0: Foul Ball, location: 2F
1-1: Ball
2-1: Ball
3-1: Called Strike
3-2: Foul Ball, location: 2F
3-2: Strikes out looking
Batting: RHB Mike Reynolds 0-0: Ball
1-0: Called Strike
1-1: Foul Ball, location: 2F
1-2: Foul Ball, location: 2F
1-2: Fly out, F7 (Line Drive, 7, EV 95.0 MPH)
Batting: RHB Antonio Arechiga 0-0: Ball
1-0: SINGLE (Line Drive, 8LS, EV 95.0 MPH)
Batting: LHB Jason Cary 0-0: Called Strike
Antonio Arechiga is caught stealing 2nd base 2-6
Bottom of the 3rd over - 0 runs, 1 hit, 0 errors, 0 left on base; Miami Beach 0 - Victoria 1
TOP OF THE 4TH
Miami Beach Marlins batting - Pitching for Victoria Capitals : RHP Jae-chun Jung
Batting: RHB Orlando Melendres 0-0: Ball
1-0: SINGLE (Groundball, 5S, EV 66.2 MPH) (infield hit)
Batting: RHB Jim Smallwood 0-0: Called Strike
0-1: Ball
1-1: Foul Ball, location: 2F
1-2: Ball
2-2: Strikes out looking
Batting: RHB Timo Myers 0-0: SINGLE (Groundball, 56D, EV 105.0 MPH)
Orlando Melendres to second
Batting: RHB Dustin Baker 0-0: Called Strike
0-1: Foul Ball, location: 2F
0-2: Ball
1-2: Fly out, F9 (Flyball, 9, EV 95.0 MPH)
Batting: RHB Mike Day 0-0: Called Strike
0-1: Swinging Strike
0-2: Fly out, F9 (Flyball, 9LM, EV 100.6 MPH)
Top of the 4th over - 0 runs, 2 hits, 0 errors, 2 left on base; Miami Beach 0 - Victoria 1
BOTTOM OF THE 4TH
Victoria Capitals batting - Pitching for Miami Beach Marlins : RHP Todd Huber
Batting: LHB Jason Cary 0-0: Ball
1-0: Fly out, F7 (Flyball, 7S, EV 85.0 MPH)
Batting: RHB Hyeon-cheong Lee 0-0: Reached on error, E6 (Groundball, 56D, EV 99.4 MPH)
Batting: LHB Willard Balcome 0-0: Called Strike
0-1: Called Strike
0-2: Foul Ball, location: 2F
0-2: Ball
1-2: Ball
2-2: SINGLE (Line Drive, 34D, EV 105.0 MPH)
Hyeon-cheong Lee to second
Batting: SHB Rich Roberts 0-0: Called Strike
0-1: Grounds into double play, 4-6-3 (Groundball, 4, EV 107.5 MPH)
Bottom of the 4th over - 0 runs, 1 hit, 1 error, 1 left on base; Miami Beach 0 - Victoria 1
TOP OF THE 5TH
Miami Beach Marlins batting - Pitching for Victoria Capitals : RHP Jae-chun Jung
Batting: RHB Bill Atley 0-0: Ball
1-0: Ground out 5-3 (Groundball, 56, EV 81.2 MPH)
Batting: LHB Henry Huezo 0-0: Ball
1-0: Swinging Strike
1-1: Swinging Strike
1-2: Ball
2-2: Ball
3-2: Strikes out swinging
Batting: RHB Melvin Nava 0-0: Foul Ball, location: 2F
0-1: Swinging Strike
0-2: Fly out, F7 (Flyball, 78S, EV 90.0 MPH)
Top of the 5th over - 0 runs, 0 hits, 0 errors, 0 left on base; Miami Beach 0 - Victoria 1
BOTTOM OF THE 5TH
Victoria Capitals batting - Pitching for Miami Beach Marlins : RHP Todd Huber
Batting: LHB Mike Jones 0-0: SINGLE (Flyball, 8LS, EV 92.5 MPH)
Batting: RHB Ray Wathey 0-0: Called Strike
0-1: Grounds into double play, 5-4-3 (Groundball, 56, EV 78.8 MPH)
Batting: RHB Kyung-hwan Lee 0-0: Fly out, F8 (Flyball, 8RM, EV 90.0 MPH)
Bottom of the 5th over - 0 runs, 1 hit, 0 errors, 0 left on base; Miami Beach 0 - Victoria 1
TOP OF THE 6TH
Miami Beach Marlins batting - Pitching for Victoria Capitals : RHP Jae-chun Jung
Pitching: RHP Kevin Stodart
Batting: SHB Emmet Brickowski 0-0: Foul Ball, location: 2F
0-1: Ball
1-1: Foul Ball, location: 2F
1-2: Foul Ball, location: 2F
1-2: Ball
2-2: Ball
3-2: Foul Ball, location: 2F
3-2: Foul Ball, location: 2F
3-2: Strikes out swinging
Batting: RHB Orlando Melendres 0-0: Ball
1-0: Ball
2-0: SINGLE (Groundball, 4MD, EV 100.6 MPH)
Batting: RHB Jim Smallwood 0-0: Ball
1-0: Called Strike
1-1: Ground out 6-3 (Groundball, 6S, EV 67.5 MPH)
Orlando Melendres to second
Pinch Hitting: SHB Brent King 0-0: Ball
1-0: 2-RUN HOME RUN (Flyball, 9D, EV 99.4 MPH), Distance : 409 ft
Batting: RHB Dustin Baker 0-0: SINGLE (Groundball, 56D, EV 105.0 MPH)
Batting: RHB Mike Day 0-0: Fielders Choice at 2nd, 5-4 (Groundball, 56, EV 81.9 MPH)
Top of the 6th over - 2 runs, 3 hits, 0 errors, 1 left on base; Miami Beach 2 - Victoria 1
BOTTOM OF THE 6TH
Victoria Capitals batting - Pitching for Miami Beach Marlins : RHP Todd Huber
Now at 3B: Chris Harlow
Batting: RHB Mike Reynolds 0-0: Ball
1-0: Fly out, F8 (Flyball, 8LD, EV 86.9 MPH)
Batting: RHB Antonio Arechiga 0-0: Ball
1-0: Called Strike
1-1: Ball
2-1: Foul Ball, location: 2F
2-2: Fly out, F8 (Flyball, 8RS, EV 91.9 MPH)
Batting: LHB Jason Cary 0-0: Called Strike
0-1: Ball
1-1: Foul Ball, location: 2F
1-2: Ball
2-2: Foul Ball, location: 2F
2-2: Foul Ball, location: 2F
2-2: Ball
3-2: Base on Balls
Batting: RHB Hyeon-cheong Lee 0-0: Ball
1-0: Called Strike
1-1: Called Strike
1-2: Foul Ball, location: 2F
1-2: Ground out 4-3 (Groundball, 4, EV 85.0 MPH)
Bottom of the 6th over - 0 runs, 0 hits, 0 errors, 1 left on base; Miami Beach 2 - Victoria 1
TOP OF THE 7TH
Miami Beach Marlins batting - Pitching for Victoria Capitals : RHP Kevin Stodart
Pitching: RHP Joey Mallandaine
Batting: RHB Bill Atley 0-0: Ball
1-0: Ball
2-0: Called Strike
2-1: Ball
3-1: Called Strike
3-2: Ground out 6-3 (Groundball, 6M, EV 108.1 MPH)
Batting: LHB Henry Huezo 0-0: Ball
1-0: Ball
2-0: SINGLE (Groundball, 4D, EV 95.0 MPH)
Batting: RHB Melvin Nava 0-0: Grounds into double play, 6-4-3 (Groundball, 6, EV 82.5 MPH)
Top of the 7th over - 0 runs, 1 hit, 0 errors, 0 left on base; Miami Beach 2 - Victoria 1
BOTTOM OF THE 7TH
Victoria Capitals batting - Pitching for Miami Beach Marlins : RHP Todd Huber
Pinch Hitting: RHB Nick Ellis 0-0: Called Strike
0-1: Ball
1-1: Foul Ball, location: 2F
1-2: Foul Ball, location: 2F
1-2: Strikes out swinging
Pinch Hitting: RHB Roberto Medina 0-0: Called Strike
0-1: Ball
1-1: Foul Ball, location: 2F
1-2: Ball
2-2: Ground out 6-3 (Groundball, 6D, EV 94.4 MPH)
Pinch Hitting: LHB Yen-ti Zhu 0-0: Called Strike
0-1: Fly out, F9 (Flyball, 9S, EV 86.9 MPH)
Bottom of the 7th over - 0 runs, 0 hits, 0 errors, 0 left on base; Miami Beach 2 - Victoria 1
TOP OF THE 8TH
Miami Beach Marlins batting - Pitching for Victoria Capitals : RHP Joey Mallandaine
Now at 1B: Yen-ti Zhu
Now at 2B: Roberto Medina
Now in LF: Rick Harrison
Batting: SHB Emmet Brickowski 0-0: Ball
1-0: Ball
2-0: Ball
3-0: Base on Balls
Batting: RHB Orlando Melendres 0-0: Fly out, F3 (Popup, 3L, EV 71.9 MPH)
Batting: RHB Jim Smallwood 0-0: Fielders Choice at 2nd, 4-6 (Groundball, 34, EV 80.6 MPH)
Batting: RHB Chris Harlow 0-0: Foul Ball, location: 2F
0-1: Foul Ball, location: 2F
0-2: Ground out 4-3 (Groundball, 4, EV 90.0 MPH)
Top of the 8th over - 0 runs, 0 hits, 0 errors, 1 left on base; Miami Beach 2 - Victoria 1
BOTTOM OF THE 8TH
Victoria Capitals batting - Pitching for Miami Beach Marlins : RHP Todd Huber
Pinch Hitting: LHB Adam Lupfer 0-0: Called Strike
0-1: Swinging Strike
0-2: Ball
1-2: Ball
2-2: Foul Ball, location: 2F
2-2: Fly out, F8 (Flyball, 78D, EV 84.4 MPH)
Batting: RHB Kyung-hwan Lee 0-0: Called Strike
0-1: Swinging Strike
0-2: Strikes out looking
Pinch Hitting: RHB Jeremy Marin 0-0: Called Strike
0-1: Ball
1-1: Fly out, F7 (Flyball, 78D, EV 86.9 MPH)
Bottom of the 8th over - 0 runs, 0 hits, 0 errors, 0 left on base; Miami Beach 2 - Victoria 1
TOP OF THE 9TH
Miami Beach Marlins batting - Pitching for Victoria Capitals : RHP Joey Mallandaine
Now at 3B: Jeremy Marin
Now at SS: Kevin Harris
Batting: LHB Luis Ortegon 0-0: Ball
1-0: Ball
2-0: Foul Ball, location: 2F
2-1: Foul Ball, location: 2F
2-2: Ball
3-2: Strikes out swinging
Pinch Hitting: RHB Scott Talbot 0-0: Fly out, F1 (Line Drive, P, EV 70.0 MPH)
Batting: RHB Bill Atley 0-0: Ball
1-0: Foul Ball, location: 2F
1-1: Called Strike
1-2: Ball
2-2: Ground out 6-3 (Groundball, 6S, EV 82.5 MPH)
Top of the 9th over - 0 runs, 0 hits, 0 errors, 0 left on base; Miami Beach 2 - Victoria 1
BOTTOM OF THE 9TH
Victoria Capitals batting - Pitching for Miami Beach Marlins : RHP Todd Huber
Pitching: LHP Doug Whitling
Now in RF: Cody Leonard
Batting: RHB Antonio Arechiga 0-0: Swinging Strike
0-1: Fly out, F7 (Line Drive, 7LM, EV 101.2 MPH)
Batting: RHB Josh Rentz 0-0: Swinging Strike
0-1: Ball
1-1: Swinging Strike
1-2: Strikes out swinging
Batting: RHB Hyeon-cheong Lee 0-0: Ball
1-0: Called Strike
1-1: Foul Ball, location: 2F
1-2: Strikes out swinging
Bottom of the 9th over - 0 runs, 0 hits, 0 errors, 0 left on base; Miami Beach 2 - Victoria 1
Sunday, July 16th , 2023 - OOTP Baseball 24.6 Build 69